 Dungeon Crawl Stone Soup version 0.26.1-11-gd32895ea62 (webtiles) character file.

Game seed: 16614787054246463432

51 jlumianski the Caller (level 3, -6/14 HPs)
             Began as a Felid Summoner on June 1, 2021.
             Shot with a stone by a goblin (7 damage)
             ... led by Robin
             ... on level 2 of the Dungeon.
             The game lasted 00:11:22 (2892 turns).

jlumianski the Caller (Felid Summoner)              Turns: 2892, Time: 00:11:22

Health: -6/14      AC:  1    Str:  4    XL:     3   Next: 57%
Magic:  8/17       EV: 18    Int: 17    God:
Gold:   125        SH:  0    Dex: 16    Spells: 5/8 levels left
                                        Lives:  0   Deaths: 0

rFire    . . .     SeeInvis +   (weapon unavailable)
rCold    . . .     Faith    .   (shield unavailable)
rNeg     . . .     Spirit   .   (armour unavailable)
rPois    .         Reflect  .   (helmet unavailable)
rElec    .         Harm     .   (cloak unavailable)
rCorr    .         Rampage  .   (gloves unavailable)
Will     .....                  (boots unavailable)
Stlth    +++.......             (no amulet)
HPRegen  0.04/turn              i - ring of magical power
MPRegen  0.15/turn              (no ring)

@: quick
A: very small, no armour, no weapons or thrown items, stealth, claws 1, fangs 3,
see invisible, speed 1, shaggy fur 1, sharp paws
a: no special abilities


You were on level 2 of the Dungeon.
You visited 1 branch of the dungeon, and saw 2 of its levels.

You collected 125 gold pieces.

Inventory:

Jewellery
 i - a ring of magical power (left paw)
Scrolls
 a - a scroll of fog {unknown}
 b - a scroll of immolation {unknown}
 d - a scroll of magic mapping
 e - a scroll of enchant weapon {unknown}
 f - a scroll of amnesia {unknown}
 g - 3 scrolls of identify
 h - a scroll of fear {unknown}
 k - a scroll of remove curse {unknown}
Potions
 c - a potion of flight {unknown}
 j - a potion of brilliance {unknown}


   Skills:
 + Level 2.8 Dodging
 + Level 2.7 Stealth
 + Level 0.2 Unarmed Combat
 + Level 3.0 Spellcasting
 + Level 4.6 Summonings


You had 5 spell levels left.
You knew the following spells:

 Your Spells              Type           Power        Failure   Level
a - Summon Small Mammal   Summ           72%          2%          1
b - Call Imp              Summ           18%          4%          2

Your spell library contained the following spells:

 Spells                   Type           Power        Failure   Level
 Call Canine Familiar     Summ           18%          8%          3
 Summon Guardian Golem    Hex/Summ       10%          21%         3
 Summon Ice Beast         Ice/Summ       10%          56%         4
 Summon Lightning Spire   Summ/Air       10%          56%         4


Dungeon Overview and Level Annotations

Branches:
Dungeon (2/15)

Altars:

Annotations:
D:2 Robin


Innate Abilities, Weirdness & Mutations

You cannot wear armour.
You are incapable of wielding weapons or throwing items.
Your paws allow you to move quietly. (Stealth)
You have sharp claws.
You have razor-sharp teeth.
You have supernaturally acute eyesight. (SInv)
You cover ground quickly.
You are covered in fur. (AC +1)
Your sharp claws are effective at attacking unaware monsters.


Message History

The goblin dies!
The goblin shoots a stone.
The stone hits you.
* * * LOW HITPOINT WARNING * * *
Your white imp gestures at the goblin.
The puff of frost hits the goblin.
The goblin dies!
Your magical contamination has completely faded away.
You see here a stone.
Robin hits your white imp with a +0 dagger.
Your quokka bites Robin.
The goblin completely misses your white imp.
The goblin hits your quokka with a +0 dagger.
Your quokka dies!
Your quokka's corpse disappears in a puff of smoke!
Your white imp gestures at Robin.
The puff of frost hits Robin.
Your quokka bites Robin.
Robin hits your quokka but does no damage.
The goblin shoots a stone.
The stone hits you!
Ouch! That really hurt!
You die...

*,................#...#...#.
*,....gggg..........#...#...
*,....gg5r............###..#
*,..5....)........##...##..#
*,.......(#.###......#..#..#
*,......#.(....##....##.#...
*,.....,##.###.##..#..#.....
**########.###.....##.##...#
#.....@......###.†>...#
#............###......#
#.......###...#....#..#
####.######..........(# #.#
#........(.#.#
######.#####.#.......##.#
#............#....#..##..
#.........#......##......
#.[........##........##.#


You could see Robin, 5 goblins, a friendly white imp (summoned) and a friendly
quokka (summoned).

Vanquished Creatures
  A bat (D:2)
  A frilled lizard (D:1)
  A goblin (D:2)
3 creatures vanquished.

Vanquished Creatures (collateral kills)
  2 adders (D:2)
  A white imp (D:2)
  A worm (D:2)
  2 dart slugs
  A leopard gecko (D:1)
  4 giant cockroaches
  8 goblins
  7 hobgoblins
  2 bats (D:1)
  4 frilled lizards
  7 kobolds
  6 rats
45 creatures vanquished.

Grand Total: 48 creatures vanquished

Notes
Turn   | Place    | Note
-------+----------+-------------------------------------------
     0 | D:1      | jlumianski the Felid Summoner began the quest for the Orb.
     0 | D:1      | Reached XP level 1. HP: 7/7 MP: 4/4
     6 | D:1      | Noticed a lindwurm
     6 | D:1      | Noticed a worker ant
     6 | D:1      | Noticed a komodo dragon
     7 | D:1      | Noticed a wyvern
     7 | D:1      | Noticed a polar bear
   482 | D:1      | Reached XP level 2. HP: 11/11 MP: 0/6
   485 | D:1      | Learned a level 2 spell: Call Imp
  2138 | D:2      | Reached XP level 3. HP: 14/14 MP: 0/7
  2883 | D:2      | Noticed Robin
  2892 | D:2      | Shot with a stone by a goblin

Illustrated notes

Levels and vault maps discovered:
D:1:      onia_arrival_zoo_common, layout_basic, minmay_nonomino_d4
D:2:      layout_rooms, uniq_robin

Skill      XL: |  1  2  3 |
---------------+----------+-----
Spellcasting   | 3 |  3.0
Dodging        | |  2.8
Stealth        | |  2.7
Unarmed Combat | |  0.2
Summonings     | |  4.6

Action                   || total
-------------------------++-------
Melee: Unarmed           ||    16
 Cast: Summon Small Mamm ||    97
       Call Imp          ||    20
  Use: Scroll            ||     2
 Stab: Sleeping          ||     2
Armor: Skin              ||     1
Dodge: Dodged            ||    42
